 Dungeon Crawl Stone Soup version 0.32-a0-900-g30fb1b0edc (webtiles) character file.

Game seed: 17222916940869572483

21 HilariousDeathArtist the Trooper (level 2, -1/25 HPs)
             Began as a Coglin Cinder Acolyte on Apr 5, 2024.
             Was a High Priest of Ignis.
             Slain by a gnoll
             ... wielding a +2 flail of protection
              (7 damage)
             ... on level 2 of the Dungeon.
             The game lasted 00:00:44 (753 turns).

HilariousDeathArtist the Trooper (CoCA)              Turns: 753, Time: 00:00:45

Health: -1/25      AC:  3    Str: 14    XL:     2   Next: 87%
Magic:  3/3        EV: 10    Int: 13    God:    Ignis [*****.]
Gold:   99         SH:  0    Dex:  9    Spells: 1/3 levels left

rFire   + . .        a - -1 hand axe (flame) {Lan}
rCold   . . .        g - +0 short sword (protect) {Navbir}
rNeg    . . .        b - +0 robe
rPois   .            (no helmet)
rElec   .            (no cloak)
rCorr   .            e - +0 pair of gloves
SInv    .            (no boots)
Will    .....        (amulet unavailable)
Stlth   +            (ring unavailable)
HPRegen 0.24/turn    (ring unavailable)
MPRegen 0.08/turn    (no gizmo)

%: no passive effects
@: no status effects
A: off-hand wielding, slow wielding, warmup strikes, no jewellery
a: Invent Gizmo, Renounce Religion, Fiery Armour, Foxfire Swarm, Rising Flame


You were on level 2 of the Dungeon.
You worshipped Ignis.
Ignis was extremely pleased with you.
You visited 1 branch of the dungeon, and saw 2 of its levels.

You collected 99 gold pieces.

Inventory:

Hand Weapons
 a - a -1 hand axe of flaming (weapon) {Lan}
 c - a +0 dagger {Chaewon}
 g - a +0 short sword of protection (offhand) {Navbir}
   (You took it off a kobold on level 1 of the Dungeon)
Armour
 b - a +0 robe (worn)
 e - a +0 pair of gloves (worn)
   (You found it on level 1 of the Dungeon)
Scrolls
 h - 2 scrolls of poison {unknown}
Potions
 d - a potion of cancellation {unknown}
 f - a potion of brilliance {unknown}
 i - a potion of heal wounds {unknown}


   Skills:
 + Level 4.0 Fighting
 - Level 3.0 Axes
 - Level 1.0 Spellcasting
 - Level 2.6 Fire Magic


You had one spell level left.
You knew the following spells:

 Your Spells              Type           Power      Damage    Failure   Level
a - Scorch                Fire           14%        2d5       14%         2

Your spell library contained the following spells:

 Spells                   Type           Power      Damage    Failure   Level
 Malign Gateway           Summ/Tloc      0%         N/A       100%        7
 Summon Horrible Things   Summ           0%         N/A       100%        8


Dungeon Overview and Level Annotations

Branches:
Dungeon (2/15)

Altars:


Innate Abilities, Weirdness & Mutations

You can wield a second weapon in your off-hand.
It takes a long time for you to wield or remove held weapons.
Your first few attacks do less damage.
You cannot equip rings or amulets.


Message History

A kobold comes into view. It is wielding a +0 whip.
The kobold shouts!
You closely miss the kobold with your -1 hand axe of flaming.
You hit the kobold but do no damage.
Your weapon exudes an aura of protection.
The kobold misses you.
You closely miss the kobold with your -1 hand axe of flaming.
You hit the kobold with your +0 short sword of protection.
The kobold barely misses you.
You hit the kobold with your -1 hand axe of flaming.
You burn the kobold.
You kill the kobold!
No target in view!
Things that are here:
a +0 whip; a kobold corpse A bat comes into view.
A bat is nearby!
The bat closely misses you.
You miss the bat with your +0 short sword of protection.
You hit the bat with your -1 hand axe of flaming.
You burn the bat.
You kill the bat!
Your Fighting skill increases to level 4!
No target in view!
No target in view!
No target in view!
No target in view!
You see here a bat corpse.
You open the door.
A frilled lizard comes into view.
A frilled lizard is nearby!
The frilled lizard hisses angrily.
There is an open door here.
You hit the frilled lizard with your +0 short sword of protection.
Your weapon exudes an aura of protection.
You kill the frilled lizard!
No target in view!
No target in view!
No target in view!
You see here a frilled lizard corpse.
Done exploring.
Done exploring.
No target in view!
Done exploring.
Done exploring.
There is a stone staircase leading down here.
You climb downwards.
There is a stone staircase leading up here.
You start memorising the spell.
You continue memorising. x2
You finish memorising.
Spell assigned to 'a'.
A rat comes into view.
A rat is nearby!
The rat squeaks loudly.
You hit the rat with your -1 hand axe of flaming.
You burn the rat.
You kill the rat!
No target in view!
No target in view!
i - an emerald potion You now have 99 gold pieces (gained 2).
Found a stone staircase leading down.
No target in view!
No target in view!
No target in view!
No target in view!
No target in view!
No target in view!
Found a stone staircase leading up.
h - 2 scrolls labelled POXKEU VEV VYI (gained 1)
Found a stone staircase leading up.
No target in view!
No target in view!
No target in view!
No target in view!
No target in view!
No target in view!
No target in view!
Found a faded altar of an unknown god.
There is a stone staircase leading up here.
You open the door. 2 gnolls and a hobgoblin come into view.
A gnoll is wielding a +2 flail of protection. 2 gnolls and a bat come into view.
The gnoll shouts!
The hobgoblin shouts!
The gnoll shouts!
The gnoll hits you but does no damage.
The gnoll hits you from afar with a +0 spear.
The gnoll hits you with a +2 flail of protection.
There is an open door, spattered with blood here.
You take 9 damage, and have 16/25 hp.
MASSIVE DAMAGE!!
The gnoll attacks as it pursues you!
The gnoll hits you from afar with a +0 spear!
You take 8 damage, and have 8/25 hp.
MASSIVE DAMAGE!!
There is a stone staircase leading up here.
The gnoll hits you from afar with a +0 spear.
* * * LOW HITPOINT WARNING * * *
The gnoll hits you with a +2 flail of protection!
You die...
Ignis goes out, and joins you in death.

..........# #.#
.........)# #######.#
...........# #.......#
...b..bb...# #.#######
.....g.gg..# #.# .... #g#
#.# .w...###g#######.#
....PP.#g......#.########
♣.P.@..............>#
♣_P♣P##########.######
.P....P............#
...P....##......##..#
.....P..##......#...####
.######.##.............#
#.##......#.#.##.#
#.##......#.#.##.#
#........#....#


You could see a ribbon worm (wandering), 4 gnolls, a hobgoblin and a bat.

Vanquished Creatures
  A ball python (D:1)
  3 endoplasms (D:1)
  A giant cockroach (D:1)
  3 jackals (D:1)
  3 kobolds (D:1)
  2 bats (D:1)
  A frilled lizard (D:1)
  2 goblins (D:1)
  4 rats
20 creatures vanquished.

Notes
Turn   | Place    | Note
-------+----------+-------------------------------------------
     0 | D:1      | HilariousDeathArtist the Coglin Cinder Acolyte began the
                  | quest for the Orb.
     0 | D:1      | Reached XP level 1. HP: 18/18 MP: 2/2
   264 | D:1      | Reached XP level 2. HP: 20/24 MP: 3/3
   621 | D:1      | Reached skill level 4 in Fighting
   675 | D:2      | Learned a level 2 spell: Scorch
   740 | D:2      | Found a faded altar of an unknown god.
   753 | D:2      | HP: 6/25 [gnoll/+0 spear (3)]
   753 | D:2      | Slain by a gnoll

Illustrated notes

Levels and vault maps discovered:
D:1:      dpeg_chamrin_arrival_tetris, layout_basic
D:2:      layout_basic, ebering_ecumenical_altar_petrified, uniq_robin

Skill      XL: |  1  2 |
---------------+-------+-----
Fighting       | 4 |  4.0
Axes           | |  3.0
Spellcasting   | |  1.0
Fire Magic     | |  2.6

Action                     || total
---------------------------++-------
  Melee: Dagger            ||    30
         Hand axe          ||    52
         Short sword       ||    18
 Armour: Robe              ||    34
  Dodge: Dodged            ||    33

Table legend: (Time is in decaauts)
 A = Elapsed time spent in this place.
 B = Non-inter-level travel time spent in this place.
 C = Inter-level travel time spent in this place.
 D = Time resting spent in this place.
 E = Time spent auto-exploring this place.
 F = Levels seen in this place.
 G = Mean time per level.
                   A        B        C        D        E       F      G
               +--------+--------+--------+--------+--------+-----+--------+
         Total |    757 |    738 |     19 |      0 |    576 |   2 |  378.5 |
       Dungeon |    757 |    738 |     19 |      0 |    576 |   2 |  378.5 |
               +--------+--------+--------+--------+--------+-----+--------+

Top non-repeatable levels by time:
     D:1: 675 daAuts
     D:2: 81 daAuts

Levels and vault maps discovered:
D:1:      dpeg_chamrin_arrival_tetris, layout_basic
D:2:      layout_basic, ebering_ecumenical_altar_petrified, uniq_robin

Table legend: (Time is in decaauts)
 A = Elapsed time spent in this place.
 B = Non-inter-level travel time spent in this place.
 C = Inter-level travel time spent in this place.
 D = Time resting spent in this place.
 E = Time spent auto-exploring this place.
 F = Levels seen in this place.
 G = Mean time per level.
                   A        B        C        D        E       F      G
               +--------+--------+--------+--------+--------+-----+--------+
         Total |    757 |    738 |     19 |      0 |    576 |   2 |  378.5 |
       Dungeon |    757 |    738 |     19 |      0 |    576 |   2 |  378.5 |
               +--------+--------+--------+--------+--------+-----+--------+

Top non-repeatable levels by time:
     D:1: 675 daAuts
     D:2: 81 daAuts

Table legend:
 A = Kills in this place as a percentage of kills in the entire game.
 B = Kills by you in this place as a percentage of kills by you in the entire game.
 C = Kills by friends in this place as a percentage of kills by friends in the entire game.
 D = Other kills in this place as a percentage of other kills in the entire game.
 E = Experience gained in this place as a percentage of experience gained in the entire game.
 F = Experience gained in this place divided by the number of levels of this place that you have seen.
                   A       B       C       D       E      F
               +-------+-------+-------+-------+-------+----------------------
         Total | 100.0 | 100.0 |   N/A |   N/A | 100.0 |  15.5
       Dungeon | 100.0 | 100.0 |   N/A |   N/A | 100.0 |  15.5
               +-------+-------+-------+-------+-------+----------------------
